General information
			
			
        
        - name: BNet
 
        - type: Ladder team game (AT/RT)
 
        - host: Battle.net
 
        - saver: 
 
        
map: GolemsInTheMist 
        - players: 8
 
        - length: 41:28
 
        - speed: Fast
 - version: 1.28 W3XP
 - replay type:  Public
 
» download(377 KB)
Players
        team 1 (winner) 
              
              
okok (
yellow | 107 APM | 2482 actions | 23:15)
              
 4 Death Knight 
 2 Death Coil
 1 Death Pact
 1 Unholy Aura
 3 Lich 
 2 Frost Nova
 1 Frost Armor
 
                » actions 
                
                | Assign group hotkey | 70 |  | 
| Basic commands | 1 |  | 
| Build / train | 91 |  | 
| ESC pressed | 5 |  | 
| Enter build submenu | 27 |  | 
| Enter hero's abilities submenu | 7 |  | 
| Give item / drop item | 2 |  | 
| Right click | 754 |  | 
| Select / deselect | 407 |  | 
| Select group hotkey | 996 |  | 
| Use ability | 122 |  | 
                2482 total
 » units 
                
                | Acolyte | 17 |  | 
| Ghoul | 9 |  | 
| Crypt Fiend | 10 |  | 
| Mortar Team | 1 |  | 
| Peasant | 8 |  | 
| Obsidian Statue | 2 |  | 
                47 total
 » upgrades
                
                | Burrow | 1 |  | 
| Web | 1 |  | 
| Creature Attack | 2 |  | 
| Creature Carapace | 1 |  | 
| Ghoul Frenzy | 1 |  | 
| Destroyer Form | 1 |  | 
                7 total
 » buildings
                
                | Ziggurat | 13 |  | 
| Altar of Darkness | 1 |  | 
| Crypt | 1 |  | 
| Tomb of Relics | 1 |  | 
| Nerubian Tower | 3 |  | 
| Graveyard | 1 |  | 
| Halls of the Dead | 2 |  | 
| Necropolis | 1 |  | 
| Spirit Tower | 8 |  | 
| Black Citadel | 2 |  | 
| Sacrificial Pit | 2 |  | 
| Slaughterhouse | 2 |  | 
| Farm | 2 |  | 
| Boneyard | 1 |  | 
                40 total
 » build order
                00:08 Ziggurat
00:11 Altar of Darkness
00:32 Crypt
00:59 Tomb of Relics
01:18 Ziggurat
01:44 Nerubian Tower
02:20 Graveyard
03:38 Ziggurat
05:30 Halls of the Dead
05:30 Halls of the Dead
06:07 Necropolis
07:11 Ziggurat
07:12 Ziggurat
07:13 Ziggurat
07:14 Ziggurat
07:15 Ziggurat
07:15 Ziggurat
08:02 Nerubian Tower
08:02 Nerubian Tower
08:05 Spirit Tower
08:05 Spirit Tower
08:11 Spirit Tower
08:11 Spirit Tower
08:24 Spirit Tower
08:25 Spirit Tower
09:15 Spirit Tower
10:00 Black Citadel
10:00 Black Citadel
10:05 Ziggurat
11:10 Sacrificial Pit
11:11 Slaughterhouse
12:13 Spirit Tower
13:53 Sacrificial Pit
13:54 Slaughterhouse
15:16 Farm
15:17 Farm
17:39 Ziggurat
20:26 Ziggurat
20:26 Ziggurat
21:09 Boneyard
» items
                
                | Rod of Necromancy | 3 |  | 
| Healing Salve | 1 |  | 
| Lesser Clarity Potion | 1 |  | 
| Scroll of Speed | 1 |  | 
| Potion of Mana | 2 |  | 
| Scroll of Town Portal | 1 |  | 
| Potion of Healing | 2 |  | 
                11 total
  
               
              
              
Ledgic (
orange | 87 APM | 2011 actions | 23:13)
              
 5 Death Knight 
 3 Death Coil
 2 Unholy Aura
 4 Lich 
 2 Frost Nova
 2 Frost Armor
 4 Crypt Lord 
 2 Impale
 2 Spiked Carapace
 2 Blood Mage 
 1 Siphon Mana
 1 Flame Strike
 
                » actions 
                
                | Assign group hotkey | 75 |  | 
| Basic commands | 139 |  | 
| Build / train | 72 |  | 
| Enter build submenu | 32 |  | 
| Enter hero's abilities submenu | 15 |  | 
| Give item / drop item | 2 |  | 
| Remove unit from queue | 1 |  | 
| Right click | 650 |  | 
| Select / deselect | 323 |  | 
| Select group hotkey | 604 |  | 
| Use ability | 98 |  | 
                2011 total
 » units 
                
                | Acolyte | 6 |  | 
| Ghoul | 3 |  | 
| Crypt Fiend | 5 |  | 
| Obsidian Statue | 3 |  | 
| Frost Wyrm | 5 |  | 
| Knight | 6 |  | 
| Footman | 2 |  | 
| Peasant | 3 |  | 
                33 total
 » upgrades
                
                | Destroyer Form | 1 |  | 
| Creature Attack | 1 |  | 
| Animal War Training | 1 |  | 
| Web | 1 |  | 
| Plating | 1 |  | 
| Swords | 1 |  | 
                6 total
 » buildings
                
                | Graveyard | 1 |  | 
| Crypt | 1 |  | 
| Ziggurat | 6 |  | 
| Altar of Darkness | 1 |  | 
| Tomb of Relics | 1 |  | 
| Halls of the Dead | 1 |  | 
| Nerubian Tower | 1 |  | 
| Necropolis | 3 |  | 
| Slaughterhouse | 1 |  | 
| Sacrificial Pit | 1 |  | 
| Black Citadel | 1 |  | 
| Boneyard | 1 |  | 
| Barracks | 2 |  | 
| Farm | 3 |  | 
| Blacksmith | 1 |  | 
                25 total
 » build order
                00:07 Graveyard
00:10 Crypt
01:20 Ziggurat
01:24 Altar of Darkness
01:29 Tomb of Relics
01:39 Ziggurat
03:12 Halls of the Dead
03:13 Nerubian Tower
04:50 Necropolis
05:09 Ziggurat
05:41 Slaughterhouse
05:44 Sacrificial Pit
06:10 Black Citadel
08:38 Boneyard
09:49 Ziggurat
10:53 Barracks
10:55 Farm
11:04 Ziggurat
11:51 Barracks
11:57 Farm
14:04 Blacksmith
14:27 Ziggurat
15:45 Farm
18:39 Necropolis
21:10 Necropolis
» items
                
                | Rod of Necromancy | 1 |  | 
| Healing Salve | 1 |  | 
| Orb of Corruption | 1 |  | 
| Potion of Healing | 1 |  | 
| Scroll of Town Portal | 1 |  | 
                5 total
  
               
              
              
YENN-TRISS-CIRI (
teal | 63 APM | 2631 actions | 41:28)
              
 7 Blademaster 
 3 Wind Walk
 3 Critical Strike
 1 Bladestorm
 1 Crypt Lord 
 1 Impale
 
                » actions 
                
                | Assign group hotkey | 39 |  | 
| Basic commands | 80 |  | 
| Build / train | 70 |  | 
| Enter build submenu | 40 |  | 
| Enter hero's abilities submenu | 8 |  | 
| Give item / drop item | 1 |  | 
| Right click | 1051 |  | 
| Select / deselect | 329 |  | 
| Select group hotkey | 810 |  | 
| Use ability | 203 |  | 
                2631 total
 » units 
                
                | Peon | 11 |  | 
| Goblin Shredder | 1 |  | 
| Goblin Zeppelin | 1 |  | 
| Wind Rider | 8 |  | 
| Goblin Sapper | 3 |  | 
| Troll Batrider | 7 |  | 
                31 total
 » upgrades
                
                | Reinforced Defenses | 1 |  | 
| Liquid Fire | 1 |  | 
| Ranged Weapons | 2 |  | 
| Envenomed Spears | 1 |  | 
| Armor | 2 |  | 
| Ensnare | 1 |  | 
| Melee Weapons | 2 |  | 
                10 total
 » buildings
                
                | Altar of Storms | 1 |  | 
| Orc Burrow | 7 |  | 
| Voodoo Lounge | 2 |  | 
| Stronghold | 2 |  | 
| War Mill | 1 |  | 
| Watch Tower | 46 |  | 
| Fortress | 2 |  | 
| Beastiary | 7 |  | 
| Great Hall | 1 |  | 
                69 total
 » build order
                00:07 Altar of Storms
00:19 Orc Burrow
01:00 Voodoo Lounge
01:04 Voodoo Lounge
02:20 Stronghold
02:20 Stronghold
02:30 Orc Burrow
02:31 Orc Burrow
02:32 Orc Burrow
02:51 War Mill
04:22 Watch Tower
04:22 Watch Tower
05:06 Fortress
05:06 Fortress
05:23 Watch Tower
05:27 Watch Tower
05:46 Beastiary
07:20 Beastiary
07:44 Beastiary
09:25 Watch Tower
09:25 Watch Tower
09:26 Watch Tower
09:43 Watch Tower
10:09 Watch Tower
10:09 Watch Tower
11:33 Watch Tower
11:34 Watch Tower
11:56 Watch Tower
11:56 Watch Tower
13:43 Beastiary
14:10 Watch Tower
14:11 Watch Tower
14:11 Watch Tower
14:15 Orc Burrow
14:16 Orc Burrow
15:00 Watch Tower
15:49 Beastiary
15:57 Watch Tower
15:57 Watch Tower
15:58 Watch Tower
15:59 Watch Tower
19:20 Beastiary
19:24 Orc Burrow
21:12 Watch Tower
21:36 Watch Tower
22:24 Beastiary
22:26 Watch Tower
23:00 Watch Tower
23:46 Watch Tower
23:46 Watch Tower
23:46 Watch Tower
23:47 Watch Tower
24:01 Watch Tower
24:01 Watch Tower
24:01 Watch Tower
24:03 Watch Tower
24:03 Watch Tower
24:03 Watch Tower
24:03 Watch Tower
24:39 Watch Tower
25:29 Watch Tower
25:29 Watch Tower
25:29 Watch Tower
26:04 Watch Tower
26:04 Watch Tower
26:26 Watch Tower
26:27 Watch Tower
26:27 Watch Tower
33:17 Great Hall
» items
                
                | Healing Salve | 3 |  | 
| Lesser Clarity Potion | 3 |  | 
| Potion of Healing | 2 |  | 
| Tiny Great Hall | 1 |  | 
| Scroll of Town Portal | 2 |  | 
| Orb of Lightning | 1 |  | 
| Potion of Mana | 1 |  | 
                13 total
  
               
              
              
MajorNewbs (
green | 28 APM | 306 actions | 10:44)
              
 3 Blood Mage 
 2 Flame Strike
 1 Siphon Mana
 
                » actions 
                
                | Basic commands | 9 |  | 
| Build / train | 50 |  | 
| Enter build submenu | 15 |  | 
| Enter hero's abilities submenu | 3 |  | 
| Right click | 81 |  | 
| Select / deselect | 118 |  | 
| Use ability | 30 |  | 
                306 total
 » units 
                » upgrades
                
                | Gunpowder | 4 |  | 
| Armor | 2 |  | 
| Flare | 1 |  | 
| Fragmentation Shards | 1 |  | 
                8 total
 » buildings
                
                | Lumber Mill | 1 |  | 
| Farm | 7 |  | 
| Scout Tower | 1 |  | 
| Altar of Kings | 1 |  | 
| Arcane Tower | 1 |  | 
| Blacksmith | 1 |  | 
| Keep | 7 |  | 
| Castle | 1 |  | 
| Workshop | 3 |  | 
                23 total
 » build order
                00:38 Lumber Mill
01:14 Farm
01:27 Scout Tower
01:52 Altar of Kings
02:02 Farm
02:03 Arcane Tower
02:42 Blacksmith
02:54 Keep
02:54 Keep
02:54 Keep
02:55 Keep
02:55 Keep
02:55 Keep
03:02 Farm
03:45 Farm
04:02 Farm
04:52 Farm
05:18 Castle
05:21 Workshop
05:28 Workshop
05:28 Workshop
06:54 Farm
» items
                 
               team 2 (loser) 
              
              
» 
ttothebone (
pink | 85 APM | 2606 actions | 30:44)
              
 4 Archmage 
 2 Summon Water Elemental
 2 Brilliance Aura
 5 Paladin 
 3 Holy Light
 1 Devotion Aura
 1 Divine Shield
 
                » actions 
                
                | Assign group hotkey | 56 |  | 
| Basic commands | 76 |  | 
| Build / train | 83 |  | 
| Enter build submenu | 26 |  | 
| Enter hero's abilities submenu | 9 |  | 
| Remove unit from queue | 1 |  | 
| Right click | 1350 |  | 
| Select / deselect | 536 |  | 
| Select group hotkey | 344 |  | 
| Use ability | 123 |  | 
                2606 total
 » units 
                
                | Peasant | 14 |  | 
| Footman | 7 |  | 
| Gryphon Rider | 7 |  | 
| Knight | 7 |  | 
| Dragonhawk Rider | 2 |  | 
| Flying Machine | 17 |  | 
                54 total
 » upgrades
                
                | Defend | 1 |  | 
| Swords | 1 |  | 
| Animal War Training | 1 |  | 
| Plating | 1 |  | 
| Storm Hammers | 1 |  | 
| Armor | 1 |  | 
| Flak Cannons | 2 |  | 
                8 total
 » buildings
                
                | Altar of Kings | 2 |  | 
| Farm | 8 |  | 
| Barracks | 1 |  | 
| Scout Tower | 15 |  | 
| Arcane Tower | 1 |  | 
| Keep | 3 |  | 
| Lumber Mill | 1 |  | 
| Arcane Vault | 1 |  | 
| Blacksmith | 1 |  | 
| Castle | 2 |  | 
| Gryphon Aviary | 2 |  | 
| Town Hall | 3 |  | 
| Guard Tower | 3 |  | 
                43 total
 » build order
                00:08 Altar of Kings
00:12 Farm
00:25 Barracks
00:59 Farm
01:26 Scout Tower
01:48 Farm
01:53 Arcane Tower
02:51 Keep
02:51 Keep
02:52 Keep
03:04 Lumber Mill
04:15 Arcane Vault
04:18 Farm
04:19 Farm
04:27 Blacksmith
05:16 Castle
05:16 Castle
05:39 Scout Tower
05:48 Gryphon Aviary
06:31 Gryphon Aviary
07:21 Farm
07:23 Farm
07:38 Town Hall
08:28 Town Hall
09:54 Farm
11:07 Scout Tower
11:10 Scout Tower
11:12 Scout Tower
11:13 Scout Tower
11:17 Scout Tower
11:18 Scout Tower
11:19 Scout Tower
14:37 Guard Tower
14:44 Scout Tower
14:47 Scout Tower
16:36 Guard Tower
20:08 Altar of Kings
23:52 Town Hall
24:52 Scout Tower
24:54 Scout Tower
24:56 Scout Tower
24:57 Scout Tower
25:55 Guard Tower
 
               
              
              
dirtika_21 (
purple | 26 APM | 1022 actions | 39:04)
              
 6 Death Knight 
 2 Death Coil
 3 Unholy Aura
 1 Animate Dead
 2 Lich 
 1 Frost Nova
 1 Frost Armor
 
                » actions 
                
                | Basic commands | 5 |  | 
| Build / train | 52 |  | 
| Enter build submenu | 23 |  | 
| Enter hero's abilities submenu | 8 |  | 
| Right click | 599 |  | 
| Select / deselect | 279 |  | 
| Use ability | 56 |  | 
                1022 total
 » units 
                
                | Acolyte | 9 |  | 
| Crypt Fiend | 9 |  | 
| Ghoul | 3 |  | 
| Frost Wyrm | 7 |  | 
                28 total
 » upgrades
                
                | Creature Attack | 2 |  | 
| Creature Carapace | 2 |  | 
| Web | 1 |  | 
                5 total
 » buildings
                
                | Altar of Darkness | 1 |  | 
| Ziggurat | 9 |  | 
| Graveyard | 1 |  | 
| Crypt | 2 |  | 
| Tomb of Relics | 1 |  | 
| Nerubian Tower | 1 |  | 
| Halls of the Dead | 1 |  | 
| Necropolis | 1 |  | 
| Black Citadel | 1 |  | 
| Sacrificial Pit | 2 |  | 
| Spirit Tower | 2 |  | 
| Boneyard | 2 |  | 
                24 total
 » build order
                00:21 Altar of Darkness
00:25 Ziggurat
00:55 Graveyard
01:03 Crypt
01:15 Tomb of Relics
01:46 Ziggurat
01:58 Crypt
03:02 Nerubian Tower
05:51 Ziggurat
06:28 Halls of the Dead
06:35 Ziggurat
08:09 Necropolis
09:57 Black Citadel
10:02 Ziggurat
11:13 Ziggurat
11:21 Sacrificial Pit
12:35 Spirit Tower
12:38 Ziggurat
12:41 Ziggurat
12:44 Ziggurat
13:31 Sacrificial Pit
13:34 Boneyard
13:39 Boneyard
14:32 Spirit Tower
» items
                
                | Rod of Necromancy | 1 |  | 
| Dust of Appearance | 1 |  | 
| Scroll of Town Portal | 1 |  | 
| Potion of Healing | 1 |  | 
                4 total
  
               
              
              
Vault (
blue | 75 APM | 2914 actions | 39:04)
              
 6 Blademaster 
 3 Wind Walk
 2 Critical Strike
 1 Bladestorm
 
                » actions 
                
                | Assign group hotkey | 129 |  | 
| Basic commands | 313 |  | 
| Build / train | 68 |  | 
| Enter build submenu | 57 |  | 
| Enter hero's abilities submenu | 6 |  | 
| Give item / drop item | 6 |  | 
| Right click | 1064 |  | 
| Select / deselect | 493 |  | 
| Select group hotkey | 532 |  | 
| Use ability | 246 |  | 
                2914 total
 » units 
                
                | Peon | 10 |  | 
| Grunt | 5 |  | 
| Goblin Shredder | 1 |  | 
| Wind Rider | 12 |  | 
| Goblin Sapper | 9 |  | 
| Goblin Zeppelin | 2 |  | 
                39 total
 » upgrades
                
                | Reinforced Defenses | 1 |  | 
| Ranged Weapons | 3 |  | 
| Armor | 3 |  | 
| Envenomed Spears | 1 |  | 
                8 total
 » buildings
                
                | Orc Burrow | 7 |  | 
| Altar of Storms | 1 |  | 
| Barracks | 1 |  | 
| Voodoo Lounge | 1 |  | 
| War Mill | 2 |  | 
| Stronghold | 1 |  | 
| Watch Tower | 38 |  | 
| Fortress | 1 |  | 
| Great Hall | 4 |  | 
| Beastiary | 8 |  | 
                64 total
 » build order
                00:09 Orc Burrow
00:52 Altar of Storms
00:54 Barracks
01:06 Orc Burrow
01:50 Voodoo Lounge
02:19 War Mill
03:28 Orc Burrow
04:20 Stronghold
04:32 Watch Tower
05:13 Orc Burrow
05:16 Watch Tower
05:39 Orc Burrow
06:43 Fortress
06:58 Great Hall
09:43 Watch Tower
09:44 Watch Tower
09:44 Watch Tower
09:44 Watch Tower
09:54 Watch Tower
09:55 Watch Tower
09:55 Watch Tower
09:56 Watch Tower
09:57 Watch Tower
09:57 Watch Tower
10:06 Watch Tower
10:07 Watch Tower
10:07 Watch Tower
10:08 Watch Tower
10:09 Watch Tower
11:32 War Mill
12:31 Beastiary
12:32 Beastiary
12:34 Beastiary
12:37 Beastiary
13:47 Watch Tower
13:48 Watch Tower
13:48 Watch Tower
13:49 Watch Tower
14:17 Great Hall
14:58 Watch Tower
14:59 Watch Tower
15:01 Watch Tower
15:02 Watch Tower
15:39 Watch Tower
15:40 Watch Tower
15:46 Watch Tower
17:40 Watch Tower
17:41 Watch Tower
17:41 Watch Tower
17:42 Watch Tower
17:43 Watch Tower
17:44 Watch Tower
17:45 Watch Tower
17:46 Watch Tower
17:47 Watch Tower
17:48 Watch Tower
22:48 Beastiary
22:51 Beastiary
22:54 Beastiary
22:59 Beastiary
23:42 Orc Burrow
28:59 Great Hall
38:26 Orc Burrow
38:34 Great Hall
» items
                
                | Healing Salve | 5 |  | 
| Orb of Lightning | 1 |  | 
| Scroll of Town Portal | 2 |  | 
| Potion of Mana | 2 |  | 
| Lesser Clarity Potion | 1 |  | 
| Potion of Healing | 1 |  | 
                12 total
  
               
              
              
Jagr (
red | 174 APM | 4804 actions | 27:40)
              
 4 Blood Mage 
 2 Flame Strike
 1 Siphon Mana
 1 Banish
 2 Mountain King 
 1 Storm Bolt
 1 Bash
 
                » actions 
                
                | Assign group hotkey | 40 |  | 
| Basic commands | 350 |  | 
| Build / train | 111 |  | 
| ESC pressed | 2 |  | 
| Enter build submenu | 45 |  | 
| Enter hero's abilities submenu | 6 |  | 
| Give item / drop item | 3 |  | 
| Right click | 1258 |  | 
| Select / deselect | 904 |  | 
| Select group hotkey | 1994 |  | 
| Use ability | 91 |  | 
                4804 total
 » units 
                
                | Peasant | 23 |  | 
| Rifleman | 15 |  | 
| Mortar Team | 3 |  | 
| Siege Engine | 5 |  | 
| Priest | 6 |  | 
| Knight | 3 |  | 
                55 total
 » upgrades
                
                | Gunpowder | 3 |  | 
| Armor | 2 |  | 
| Masonry | 3 |  | 
| Long Rifles | 1 |  | 
| Lumber Harvesting | 1 |  | 
| Priest Training | 2 |  | 
| Animal War Training | 1 |  | 
| Plating | 2 |  | 
| Barrage | 1 |  | 
| Swords | 2 |  | 
| Magic Sentry | 1 |  | 
                19 total
 » buildings
                
                | Altar of Kings | 1 |  | 
| Farm | 9 |  | 
| Blacksmith | 2 |  | 
| Barracks | 2 |  | 
| Scout Tower | 21 |  | 
| Arcane Vault | 1 |  | 
| Arcane Tower | 2 |  | 
| Town Hall | 3 |  | 
| Lumber Mill | 1 |  | 
| Keep | 1 |  | 
| Guard Tower | 16 |  | 
| Workshop | 2 |  | 
| Arcane Sanctum | 1 |  | 
| Castle | 1 |  | 
                63 total
 » build order
                00:38 Altar of Kings
00:39 Farm
01:06 Blacksmith
01:27 Barracks
01:44 Scout Tower
01:52 Farm
02:10 Arcane Vault
02:25 Farm
02:54 Arcane Tower
02:59 Farm
05:08 Town Hall
05:11 Scout Tower
05:13 Scout Tower
05:23 Farm
05:43 Farm
05:49 Arcane Tower
05:51 Lumber Mill
06:14 Keep
06:28 Scout Tower
07:23 Guard Tower
07:24 Guard Tower
07:25 Scout Tower
08:22 Guard Tower
08:24 Scout Tower
08:33 Farm
08:35 Scout Tower
08:55 Workshop
09:00 Workshop
09:03 Arcane Sanctum
09:57 Guard Tower
10:13 Guard Tower
10:58 Castle
11:08 Farm
11:10 Scout Tower
11:12 Scout Tower
11:17 Scout Tower
11:49 Guard Tower
11:49 Guard Tower
11:55 Guard Tower
12:24 Blacksmith
13:03 Scout Tower
13:48 Guard Tower
13:55 Barracks
14:08 Scout Tower
14:14 Scout Tower
14:51 Guard Tower
15:02 Guard Tower
20:19 Scout Tower
20:20 Scout Tower
20:23 Scout Tower
20:57 Farm
21:40 Guard Tower
21:41 Guard Tower
21:41 Guard Tower
21:44 Scout Tower
22:45 Scout Tower
22:46 Scout Tower
22:48 Town Hall
23:12 Town Hall
23:13 Scout Tower
23:18 Guard Tower
23:48 Guard Tower
25:27 Scout Tower
» items
                
                | Scroll of Regeneration | 3 |  | 
| Potion of Healing | 2 |  | 
| Potion of Mana | 1 |  | 
| Orb of Fire | 1 |  | 
| Scroll of Town Portal | 1 |  | 
| Orb of Corruption | 1 |  | 
                9 total
  
                Chat log
          (00:11 / All) YENN-TRISS-CIRI: me 2
(00:25 / All) Jagr: I'm confident because I'm the best player in the world
(00:26 / All) YENN-TRISS-CIRI: thought this game was fatal error
(00:27 / All) Jagr: it's simple
(00:45 / All) Jagr: why?
(01:50 / Allies) YENN-TRISS-CIRI: i just want an epxo and gonna feed im lazy as shit
(03:31 / Allies) YENN-TRISS-CIRI: wyvern
(06:07 / Allies) Ledgic: wtf u doing
(06:12 / Allies) YENN-TRISS-CIRI: getting zepplin bitch
(06:17 / Allies) okok: green
(06:18 / Allies) okok: outoutotutou
(06:21 / Allies) Ledgic: what?
(06:26 / Allies) Ledgic: what you calling me faggot?:
(06:36 / Allies) YENN-TRISS-CIRI: oj tking
(06:47 / Allies) Ledgic: call me bitch again puss boi
(07:03 / Allies) Ledgic: take it back
(07:06 / Allies) Ledgic: fucking loser
(07:07 / Allies) Ledgic: or i tk you
(07:13 / Allies) YENN-TRISS-CIRI: i take it back
(07:34 / Allies) Ledgic: good boy
(07:45 / Allies) MajorNewbs: ahahahha
(08:20 / Allies) Ledgic: whats funny niggers
(09:05 / Allies) Ledgic: i coil u
(09:48 / Allies) okok: wow 
(09:49 / Allies) okok: really?
(09:51 / Allies) okok: no help?
(09:56 / Allies) Ledgic: green
(09:57 / Allies) YENN-TRISS-CIRI: well oj did tk me
(09:57 / Allies) Ledgic: didn';t tp
(10:03 / Allies) Ledgic: i didn't tk you
(10:09 / Allies) okok: wow
(10:23 / Allies) okok: they are fuked
(10:29 / All) Vault: whatta surprise
(10:33 / Allies) Ledgic: hes hacking
(10:33 / Allies) Ledgic: lmao
(10:34 / Allies) Ledgic: no wonder
(10:39 / Allies) MajorNewbs: teal is tking
(10:44 / Allies) okok: tking who?
(12:14 / Allies) Ledgic: towoers
(12:26 / Allies) okok: lol
(12:30 / Allies) okok: fantastic team
(13:03 / Allies) YENN-TRISS-CIRI: tp?
(13:56 / Allies) Ledgic: get expos
(14:37 / Allies) YENN-TRISS-CIRI: wait for green
(14:49 / Allies) YENN-TRISS-CIRI: come father oj
(20:04 / Allies) Ledgic: hes hacking so hard
(20:05 / Allies) Ledgic: lol
(20:32 / Allies) Ledgic: look at this 
(20:37 / Allies) Ledgic: thats hard hack
(21:22 / Allies) Ledgic: defend the expos
(21:50 / Allies) Ledgic: HELP
(22:12 / All) YENN-TRISS-CIRI: blue mh?
(22:48 / Allies) Ledgic: wow teal
(22:50 / Allies) Ledgic: you suck
(23:02 / Allies) Ledgic: teal is chiling his wevys
(23:03 / Allies) okok: lok at this shit
(23:07 / Allies) Ledgic: yup
(26:16 / All) YENN-TRISS-CIRI: leave plz
(27:31 / All) Vault: GIVE ME ALL YOUR GOLD
(27:35 / All) Vault: OR THE KILLING DOESNT STOP
(30:24 / All) YENN-TRISS-CIRI: leave plz
(30:34 / All) Vault: DURKA DURKA
(31:57 / All) Vault: GIVE ME ALL UR GOLD
(32:01 / All) Vault: OR THE KILLING DOESNT STOP
(32:10 / All) dirtika_21: teala and blue if im ever on your same team i will kill you
(32:20 / All) Vault: <----- shaking in his bright red hooker boots
(33:45 / All) Vault: YOU DIDNT GIVE ME UR GOLD
(33:49 / All) Vault: NOW THE KILLING WILL NEVER STOP!
(34:41 / All) YENN-TRISS-CIRI: i dont know why hes hiding ghouls lawl
(34:46 / All) Vault: lol
(35:08 / All) YENN-TRISS-CIRI: ur a sick bastardpurple
(35:23 / All) YENN-TRISS-CIRI: hiding ghouls on edge of map behind trees
(37:21 / All) Vault: if purple gave me his gold like a good boy
(37:26 / All) Vault: all of this could have been avoided
(37:54 / All) dirtika_21: smd
(38:03 / All) Vault: bring the magnifying glass
(38:59 / All) Vault: purple was a greedy ally